 Dungeon Crawl Stone Soup version 0.31.0-11-ge490571c62 (webtiles) character file.

Game seed: 12576002456477529074

81 boopmooplesden the Covered (level 4, -4/38 HPs)
             Began as an Armataur Fighter on Jan 27, 2024.
             Slain by Sigmund
             ... wielding a +0 scythe of freezing
              (7 damage)
             ... on level 2 of the Dungeon.
             The game lasted 00:01:24 (1240 turns).

boopmooplesden the Covered (Armataur Fighter)       Turns: 1240, Time: 00:01:25

Health: -4/38      AC:  7    Str: 23    XL:     4   Next: 20%
Magic:  4/4        EV:  7    Int:  8    God:
Gold:   98         SH:  4    Dex: 10    Spells: 3/3 levels left

rFire   . . .        a - +0 flail
rCold   . . .        c - +0 buckler
rNeg    . . .        b - +0 scale mail
rPois   .            (no helmet)
rElec   .            (no cloak)
rCorr   .            (no gloves)
SInv    .            (no barding)
Will    .....        (no amulet) Stlth
                     (no ring)
HPRegen 0.26/turn    (no ring)
MPRegen 1.08/turn

%: roll
@: mighty
A: large, deformed body, tough skin 3, armoured tail, roll 1
a: no special abilities


You were on level 2 of the Dungeon.
You visited 1 branch of the dungeon, and saw 2 of its levels.

You collected 98 gold pieces.

Inventory:

Hand Weapons
 a - a +0 flail (weapon)
 f - a +0 whip
Armour
 b - a +0 scale mail (worn)
 c - a +0 buckler (worn)
Jewellery
 j - a ring of magical power
Scrolls
 g - 2 scrolls of fear {unknown}
 i - a scroll of identify {unknown}
 m - a scroll of immolation {unknown}
Potions
 e - 2 potions of degeneration {unknown}
 h - 2 potions of enlightenment {unknown}
 k - a potion of invisibility {unknown}
 l - a potion of haste {unknown}


   Skills:
 + Level 3.1 Fighting
 + Level 2.8 Maces & Flails
 + Level 4.5 Armour
 + Level 3.6 Shields


You had 3 spell levels left.
You didn't know any spells.
Your spell library contained the following spells:

 Spells                   Type           Power      Damage    Failure   Level
 Summon Forest            Summ/Tloc      0%         N/A       100%        5
 Summon Mana Viper        Hex/Summ       0%         N/A       100%        5
 Summon Cactus Giant      Summ           0%         N/A       100%        6


Dungeon Overview and Level Annotations

Branches:
Dungeon (2/15)

Altars:

Annotations:
D:2 Sigmund


Innate Abilities, Weirdness & Mutations

Armour fits poorly on your strangely shaped body.
You have extremely tough skin. (AC +3)
You have a long armoured tail.
You regenerate magic when rolling toward enemies. (Rampage MPRegen)


Message History

Sorry, you're not good enough to have a special ability.
Sorry, you're not good enough to have a special ability.
The jackal barks!
The jackal attacks as it pursues you! The jackal barely misses you.
Sigmund casts a spell at you.
You are confused.
You hit Sigmund.
Your tail-slap misses Sigmund.
Sigmund is moderately wounded.
Sigmund hits you with a +0 scythe of freezing!
Sigmund freezes you.
The jackal bites you but does no damage.
Sigmund hits you from afar with a +0 scythe of freezing.
Sigmund freezes you.
You feel very mighty all of a sudden. The jackal bites you.
* * * LOW HITPOINT WARNING * * *
The jackal bites you but does no damage.
The jackal barely misses you.
You bump into the rock wall.
Sigmund hits you from afar with a +0 scythe of freezing.
* * * LOW HITPOINT WARNING * * *
Sigmund freezes you.
* * * LOW HITPOINT WARNING * * *
The jackal bites you but does no damage. x2
You barely miss the jackal.
You feel less confused.
The jackal bites you but does no damage.
Sigmund hits you from afar with a +0 scythe of freezing.
* * * LOW HITPOINT WARNING * * *
Sigmund freezes you.
* * * LOW HITPOINT WARNING * * *
The jackal barely misses you.
The jackal bites you but does no damage.
You hit the jackal.
Your tail-slap misses the jackal.
The jackal is heavily wounded.
The jackal closely misses you.
The jackal bites you but does no damage. x3
Sigmund hits you from afar with a +0 scythe of freezing!
You die...
Sigmund begins carving another notch in his scythe.

<.###### ..# ..# # ..#
###. #### ..# ... ...
..# #.###.# ..# #....@#
..# #.hh.# ..# ##@#.#
#.# #.# #h#.# #.# #.#
#.#.#
#.##########.###.#.#
...................#
#.###..............#
#.# #.###........#....#
#.###.#.......#.#####.#
#.....#.#..##.#.# #


You could see Sigmund and 3 jackals.

Vanquished Creatures
  Jessica (D:2)
  An adder (D:2)
  A dart slug (D:2)
  4 endoplasms
  5 hobgoblins (D:1)
  A kobold (D:2)
  2 quokkas (D:1)
  11 ball pythons
  A bat (D:1)
  A frilled lizard (D:2)
  7 goblins
  9 rats
44 creatures vanquished.

Notes
Turn   | Place    | Note
-------+----------+-------------------------------------------
     0 | D:1      | boopmooplesden the Armataur Fighter began the quest for the
                  | Orb.
     0 | D:1      | Reached XP level 1. HP: 18/18 MP: 1/1
   115 | D:1      | Reached XP level 2. HP: 23/25 MP: 2/2
   250 | D:1      | Reached skill level 4 in Armour
   496 | D:1      | Reached XP level 3. HP: 26/30 MP: 3/3
   778 | D:2      | Noticed Jessica
   789 | D:2      | Killed Jessica
   816 | D:2      | Reached XP level 4. HP: 21/38 MP: 4/4
  1230 | D:2      | Noticed Sigmund
  1240 | D:2      | Slain by Sigmund

Illustrated notes

Levels and vault maps discovered:
D:1:      dpeg_arrival_ratfight, layout_basic
D:2:      layout_basic, uniq_jessica, uniq_sigmund

Skill      XL: |  1  2  3 |
---------------+----------+-----
Armour         | 4 |  4.5
Maces & Flails | 2 |  2.8
Fighting       | 3 |  3.1
Shields        | |  3.6

Action                     |  1- 3 |  4- 6 || total
---------------------------+-------+-------++-------
  Melee: Flail             |    96 |    18 ||   114
         Tailslap          |    14 |     1 ||    15
    Use: Potion            |       |     1 ||     1
 Armour: Scale mail        |    67 |    34 ||   101
  Dodge: Dodged            |    35 |     5 ||    40
  Block: Buckler           |     8 |     2 ||    10
